 Dungeon Crawl Stone Soup version 0.22-a0-161-g198051c (webtiles) character file.

17150 Gorice the Fighter (level 12, -1/145 HPs)
             Began as a Gnoll Wanderer on Feb 11, 2018.
             Succumbed to a queen ant's poison
             ... on level 2 of the Lair of Beasts.
             The game lasted 01:05:05 (15413 turns).

Gorice the Fighter (Gnoll Wanderer)                Turns: 15413, Time: 01:05:05

Health: -1/145     AC: 18    Str: 24    XL:     12   Next: 45%
Magic:  22/22      EV: 12    Int: 16    God:
Gold:   431        SH:  3    Dex: 14    Spells: 24/25 levels left

rFire    . . .     SeeInvis .   a - +7 Screaming Sword
rCold    . . .     Gourm    .   (no shield)
rNeg     . . .     Faith    .   I - +0 chain mail
rPois    +         Spirit   .   F - +0 helmet
rElec    .         Reflect  +   y - +2 cloak
rCorr    .         Harm     .   q - +0 pair of gloves
MR       .....                  h - +0 pair of boots
Stlth    ..........             B - +3 amulet of reflection
HPRegen  0.34/turn              p - ring of poison resistance
MPRegen  0.18/turn              (no ring)

@: berserking (expiring), lethally poisoned (-1 -> -19), very quick
A: distributed training, fangs 1, strong nose
a: no special abilities


You were on level 2 of the Lair of Beasts.
You were not hungry.

You visited 3 branches of the dungeon, and saw 12 of its levels.

You collected 651 gold pieces.
You spent 220 gold pieces at shops.

Inventory:

Hand Weapons
 a - the +7 Screaming Sword (weapon)
   (You found it on level 6 of the Dungeon)
 b - a +0 shortbow of freezing
 f - a +1 falchion of flaming
   (You took it off a big kobold on level 9 of the Dungeon)
Missiles
 d - 152 arrows
 j - 5 javelins (quivered)
 m - 17 tomahawks
 Z - a throwing net
Armour
 h - a +0 pair of boots (worn)
 q - a +0 pair of gloves (worn)
 y - a +2 cloak (worn)
 F - a +0 helmet (worn)
 I - a +0 chain mail (worn)
Jewellery
 l - an uncursed amulet of guardian spirit {unknown}
 p - a ring of poison resistance (left hand)
 B - a +3 amulet of reflection (around neck)
Wands
 L - a wand of disintegration (19)
Scrolls
 o - a scroll of teleportation {!r}
 u - a scroll of magic mapping {!r}
 v - 2 scrolls of remove curse
 O - a scroll of fog
Potions
 c - a potion of haste {!q}
 e - a potion of ambrosia
 g - a potion of agility {!q}
 n - 2 potions of flight
 s - 3 potions of lignification {!q}
 w - a potion of heal wounds {!q}
 G - 7 potions of curing
 J - a potion of resistance {!q}
 K - a potion of magic {unknown}
Comestibles
 i - 27 rations


   Skills:
 + Level 9.7 Fighting
 + Level 7.2 Short Blades
 + Level 7.2 Long Blades
 + Level 8.6 Axes
 + Level 7.2 Maces & Flails
 + Level 7.2 Polearms
 + Level 7.2 Staves
 + Level 7.2 Slings
 + Level 8.6 Bows
 + Level 7.2 Crossbows
 + Level 7.2 Throwing
 + Level 7.7 Armour
 + Level 7.2 Dodging
 + Level 7.6 Stealth
 + Level 7.2 Shields
 + Level 7.2 Unarmed Combat
 + Level 7.2 Spellcasting
 + Level 5.9 Conjurations
 + Level 5.9 Hexes
 + Level 5.9 Charms
 + Level 5.9 Summonings
 + Level 5.9 Necromancy
 + Level 5.9 Translocations
 + Level 5.9 Transmutations
 + Level 5.9 Fire Magic
 + Level 5.9 Ice Magic
 + Level 5.9 Air Magic
 + Level 5.9 Earth Magic
 + Level 5.9 Poison Magic
 + Level 7.9 Invocations
 + Level 7.7 Evocations


You had 24 spell levels left.
You knew the following spells:

 Your Spells              Type           Power        Failure   Level  Hunger
A - Apportation           Tloc           ###...       6%          1    None


Dungeon Overview and Level Annotations

Branches:
Dungeon (9/15)             Temple (1/1) D:6            Lair (2/6) D:9
  Swamp: Lair:2-4    Shoals: Lair:2-4     Snake: Lair:2-4    Spider: Lair:2-4
    Orc: D:9-12

Altars:
Ashenzari
Cheibriados
Dithmenos
Elyvilon
Fedhas
Gozag
Hepliaklqana
Kikubaaqudgha
Makhleb
Nemelex Xobeh
Okawaru
Qazlal
Ru
Sif Muna
Trog
Uskayaw
Vehumet
Wu Jian
Xom
Yredelemnul
Zin
The Shining One

Shops:
D:6 =

Annotations:
D:3 kegs's ghost, amateur HOFi
D:5 2 transporters, Menkaure


Innate Abilities, Weirdness & Mutations

Your experience applies equally to all skills.
You have very sharp teeth.
Your uncanny sense of smell can sniff out nearby items.


Message History

You bite the soldier ant, but do no damage.
The Screaming Sword thunders, "Don't stick me into that one, please."
The monsters around you reel from the noise!
* * * LOW HITPOINT WARNING * * *
You feel sick.
You hear an angry hiss.
The queen ant stings you but does no damage.
Damage: 1 (max 31)
You closely miss the soldier ant.
The soldier ant is lightly wounded.
The Screaming Sword shouts, "Murder is sin, but it will be washed away with blood."
The monsters around you reel from the noise!
* * * LOW HITPOINT WARNING * * *
You feel sick. The soldier ant barely misses you.
Damage: 1 (max 31) Unknown command.
You slash the soldier ant!
The soldier ant is moderately wounded.
The Screaming Sword roars loudly.
The soldier ants, the queen ant and the plant are hurt by the noise.
* * * LOW HITPOINT WARNING * * *
You feel sick. The queen ant stings you!
* * * LOW HITPOINT WARNING * * *
The soldier ant stings you but does no damage.
Damage: 14 (max 31)
You closely miss the soldier ant. You punch the soldier ant!
The soldier ant is severely wounded.
* * * LOW HITPOINT WARNING * * *
You feel sick.
The queen ant stings you but does no damage.
The soldier ant barely misses you.
Damage: 2 (max 31) Unknown command.
You slash the soldier ant!
You kill the soldier ant!
The Screaming Sword roars, "I BRING THE STORM!"
The monsters around you reel from the noise!
* * * LOW HITPOINT WARNING * * *
You feel sick.
You hear a bellow!
You hear a howl!
You hear a bellow! x2
You hear an angry hiss.
You hear a loud, deep croak!
You hear a howl!
You hear a roar!
You hear an angry hiss. x2
The queen ant stings you.
* * * LOW HITPOINT WARNING * * *
Damage: 5 (max 31) Unknown command.
Unknown command.
The Screaming Sword chimes like a gong.
The plants, the queen ant and the soldier ant are hurt by the noise.
You die...

♣.#. #......... .♣P#
###........ #♣ ...
#.......... ###### #♣P.P.##
#.......... .#.#.#.
#.♣≈♣a.##a#.##.........#
....... ♣.≈≈.P....#
#.........[ .......
P♣≈†#####.##.........#
.......
♣#%♣♣.#.aa.##.........#
.......
#..♣..@##..?#.........#
#####P #♣#P♣.##
!$#.#........ #
.###...♣#########........
### # #...........P#
#......... #P#.#
............## ##........
P#.## ............###
##...#P.#P ...PP#
#....#....#.#.###..#######
.....P##...........##..##.#
......PP###.#.............#


You could see a queen ant and a soldier ant.

Vanquished Creatures
  4 hydras
  3 death yaks
  Pikel (D:4)
  A black mamba (Lair:1)
  A spiny frog (D:9)
  2 komodo dragons
  3 hippogriffs
  7 blink frogs
  Sigmund (D:6)
  2 dream sheep (D:9)
  17 yaks
  A soldier ant (Lair:2)
  6 water moccasins
  2 orc warriors
  5 porcupines
  7 ice beasts
  4 sky beasts
  A black bear (D:7)
  3 ogres
  3 centaurs
  4 wolves
  A necrophage (D:6)
  3 crocodiles
  3 big kobolds (D:9)
  7 bullfrogs
  6 scorpions (D:6)
  7 howler monkeys
  3 crimson imps
  Crazy Yiuf (D:7)
  2 bullfrog zombies (D:9)
  5 hounds
  3 iron imps (D:4)
  A jelly (D:8)
  5 orc priests
  A centaur skeleton (D:8)
  A gnoll shaman (D:8)
  8 orc wizards
  2 bullfrog skeletons
  2 iguanas
  Natasha (twice) (D:3)
  8 worker ants
  A hound zombie (D:5)
  A hound skeleton (D:6)
  8 gnolls
  A howler monkey skeleton (D:4)
  5 adders
  A shadow imp (D:6)
  2 oozes
  A worm (D:4)
  5 dart slugs
  2 leopard geckos
  26 orcs
  15 bats
  5 giant cockroaches
  8 hobgoblins
  9 jackals
  7 kobolds
  8 quokkas
  A ball python (D:3)
  8 frilled lizards
  A giant cockroach zombie (D:6)
  11 goblins
  A leopard gecko zombie (D:9)
  6 rats
  A plant (Lair:2)
283 creatures vanquished.

Vanquished Creatures (others)
  2 worker ants (D:5)
  A gnoll (D:5)
  15 fungi
  A plant (Lair:2)
19 creatures vanquished.

Grand Total: 302 creatures vanquished

Notes
Turn   | Place    | Note
-------+----------+-------------------------------------------
     0 | D:1      | Gorice the Gnoll Wanderer began the quest for the Orb.
     0 | D:1      | Gorice set off with: a +2 hand axe, a +0 ring mail, a +0 shortbow, 24 arrows, a ration
     0 | D:1      | Reached XP level 1. HP: 23/23 MP: 2/2
   340 | D:1      | Reached XP level 2. HP: 29/29 MP: 3/3
   511 | D:1      | Reached XP level 3. HP: 35/35 MP: 4/4
  1058 | D:2      | Reached skill level 1 in Invocations
  1203 | D:2      | Found a blossoming altar of Fedhas.
  1257 | D:2      | Reached skill level 1 in Short Blades
  1257 | D:2      | Reached skill level 1 in Long Blades
  1257 | D:2      | Reached skill level 1 in Maces & Flails
  1257 | D:2      | Reached skill level 1 in Polearms
  1257 | D:2      | Reached skill level 1 in Staves
  1257 | D:2      | Reached skill level 1 in Slings
  1257 | D:2      | Reached skill level 1 in Crossbows
  1257 | D:2      | Reached skill level 1 in Throwing
  1257 | D:2      | Reached skill level 1 in Dodging
  1257 | D:2      | Reached skill level 1 in Shields
  1257 | D:2      | Reached skill level 1 in Unarmed Combat
  1257 | D:2      | Reached skill level 1 in Spellcasting
  1257 | D:2      | Reached XP level 4. HP: 15/41 MP: 4/6
  1258 | D:2      | HP: 11/41 [orc wizard/magic dart (5)]
  1259 | D:2      | HP: 2/41 [orc wizard/magic dart (9)]
  1261 | D:2      | Reached skill level 1 in Conjurations
  1261 | D:2      | Reached skill level 1 in Hexes
  1261 | D:2      | Reached skill level 1 in Charms
  1261 | D:2      | Reached skill level 1 in Summonings
  1261 | D:2      | Reached skill level 1 in Necromancy
  1261 | D:2      | Reached skill level 1 in Translocations
  1261 | D:2      | Reached skill level 1 in Transmutations
  1261 | D:2      | Reached skill level 1 in Fire Magic
  1261 | D:2      | Reached skill level 1 in Ice Magic
  1261 | D:2      | Reached skill level 1 in Air Magic
  1261 | D:2      | Reached skill level 1 in Earth Magic
  1261 | D:2      | Reached skill level 1 in Poison Magic
  1603 | D:2      | Reached XP level 5. HP: 39/47 MP: 7/7
  2048 | D:3      | Found an opulent altar of Gozag.
  2146 | D:3      | Reached skill level 3 in Armour
  2146 | D:3      | Reached skill level 3 in Evocations
  2262 | D:3      | Noticed kegs's ghost (amateur HOFi)
  2438 | D:3      | Noticed Natasha
  2450 | D:3      | Killed Natasha
  2498 | D:3      | Found a faded altar of an unknown god.
  2773 | D:3      | Noticed Natasha
  2777 | D:3      | Killed Natasha
  2777 | D:3      | Reached XP level 6. HP: 52/53 MP: 8/8
  2826 | D:4      | Reached skill level 2 in Invocations
  2861 | D:4      | Reached skill level 3 in Stealth
  2990 | D:4      | Reached skill level 5 in Axes
  2990 | D:4      | Reached skill level 5 in Bows
  2993 | D:4      | Reached skill level 2 in Short Blades
  2993 | D:4      | Reached skill level 2 in Long Blades
  2993 | D:4      | Reached skill level 2 in Maces & Flails
  2993 | D:4      | Reached skill level 2 in Polearms
  2993 | D:4      | Reached skill level 2 in Staves
  2993 | D:4      | Reached skill level 2 in Slings
  2993 | D:4      | Reached skill level 2 in Crossbows
  2993 | D:4      | Reached skill level 2 in Throwing
  2993 | D:4      | Reached skill level 2 in Dodging
  2993 | D:4      | Reached skill level 2 in Shields
  2993 | D:4      | Reached skill level 2 in Unarmed Combat
  2993 | D:4      | Reached skill level 2 in Spellcasting
  3066 | D:4      | Found a shattered altar of Ashenzari.
  3303 | D:4      | Found a burning altar of Makhleb.
  3431 | D:5      | Entered Level 5 of the Dungeon
  3438 | D:5      | Reached XP level 7. HP: 54/59 MP: 10/10
  3717 | D:5      | Reached skill level 7 in Fighting
  3750 | D:5      | Reached skill level 2 in Conjurations
  3750 | D:5      | Reached skill level 2 in Hexes
  3750 | D:5      | Reached skill level 2 in Charms
  3750 | D:5      | Reached skill level 2 in Summonings
  3750 | D:5      | Reached skill level 2 in Necromancy
  3750 | D:5      | Reached skill level 2 in Translocations
  3750 | D:5      | Reached skill level 2 in Transmutations
  3750 | D:5      | Reached skill level 2 in Fire Magic
  3750 | D:5      | Reached skill level 2 in Ice Magic
  3750 | D:5      | Reached skill level 2 in Air Magic
  3750 | D:5      | Reached skill level 2 in Earth Magic
  3750 | D:5      | Reached skill level 2 in Poison Magic
  3857 | D:5      | Found an ancient bone altar of Kikubaaqudgha.
  3859 | D:5      | Found a transporter.
  3859 | D:5      | Noticed Pikel
  3907 | D:4      | Killed Pikel
  3907 | D:4      | Reached skill level 3 in Short Blades
  3907 | D:4      | Reached skill level 3 in Long Blades
  3907 | D:4      | Reached skill level 3 in Maces & Flails
  3907 | D:4      | Reached skill level 3 in Polearms
  3907 | D:4      | Reached skill level 3 in Staves
  3907 | D:4      | Reached skill level 3 in Slings
  3907 | D:4      | Reached skill level 3 in Crossbows
  3907 | D:4      | Reached skill level 3 in Throwing
  3907 | D:4      | Reached skill level 4 in Armour
  3907 | D:4      | Reached skill level 3 in Dodging
  3907 | D:4      | Reached skill level 4 in Stealth
  3907 | D:4      | Reached skill level 3 in Shields
  3907 | D:4      | Reached skill level 3 in Unarmed Combat
  3907 | D:4      | Reached skill level 3 in Spellcasting
  3907 | D:4      | Reached skill level 3 in Invocations
  3907 | D:4      | Reached skill level 4 in Evocations
  3907 | D:4      | Reached XP level 8. HP: 58/67 MP: 10/12
  3919 | D:5      | HP: 13/67 [ogre/giant club (14)]
  4211 | D:5      | Found a basalt altar of Yredelemnul.
  4582 | D:5      | Found a transporter.
  4591 | D:5      | Noticed Menkaure
  5140 | D:6      | HP: 15/67 [orc warrior/glaive of pain (6)]
  5148 | D:6      | HP: 18/67 [orc warrior/glaive of pain (5)]
  5152 | D:6      | HP: 4/67 [orc warrior/glaive of pain (14)]
  5474 | D:6      | Reached skill level 3 in Conjurations
  5474 | D:6      | Reached skill level 3 in Hexes
  5474 | D:6      | Reached skill level 3 in Charms
  5474 | D:6      | Reached skill level 3 in Summonings
  5474 | D:6      | Reached skill level 3 in Necromancy
  5474 | D:6      | Reached skill level 3 in Translocations
  5474 | D:6      | Reached skill level 3 in Transmutations
  5474 | D:6      | Reached skill level 3 in Fire Magic
  5474 | D:6      | Reached skill level 3 in Ice Magic
  5474 | D:6      | Reached skill level 3 in Air Magic
  5474 | D:6      | Reached skill level 3 in Earth Magic
  5474 | D:6      | Reached skill level 3 in Poison Magic
  5474 | D:6      | Reached skill level 4 in Invocations
  5500 | D:6      | Reached XP level 9. HP: 72/72 MP: 14/14
  5519 | D:6      | Found a staircase to the Ecumenical Temple.
  5536 | D:6      | Reached skill level 6 in Axes
  5536 | D:6      | Reached skill level 6 in Bows
  5584 | Temple   | Entered the Ecumenical Temple
  5677 | D:6      | Noticed Sigmund
  5696 | D:6      | Killed Sigmund
  5714 | D:6      | Reached skill level 4 in Short Blades
  5714 | D:6      | Reached skill level 4 in Long Blades
  5714 | D:6      | Reached skill level 4 in Maces & Flails
  5714 | D:6      | Reached skill level 4 in Polearms
  5714 | D:6      | Reached skill level 4 in Staves
  5714 | D:6      | Reached skill level 4 in Slings
  5714 | D:6      | Reached skill level 4 in Crossbows
  5714 | D:6      | Reached skill level 4 in Throwing
  5714 | D:6      | Reached skill level 4 in Dodging
  5714 | D:6      | Reached skill level 4 in Shields
  5714 | D:6      | Reached skill level 4 in Unarmed Combat
  5714 | D:6      | Reached skill level 4 in Spellcasting
  5747 | D:6      | Found Ocvuipruga's Jewellery Shoppe.
  5901 | D:6      | Reached skill level 5 in Armour
  5901 | D:6      | Reached skill level 5 in Evocations
  5949 | D:6      | HP: 22/74 [adder (3)]
  5955 | D:6      | HP: 16/74 [poisoned by an adder]
  5962 | D:6      | HP: 15/74 [poisoned by an adder]
  5967 | D:6      | HP: 15/74 [poisoned by an adder]
  6081 | D:6      | Bought an uncursed ring of poison resistance for 220 gold pieces
  6335 | D:6      | Found the +7 Singing Sword
  6476 | D:6      | Reached skill level 5 in Stealth
  6665 | D:7      | Reached skill level 8 in Fighting
  6697 | D:7      | Reached skill level 5 in Invocations
  7137 | D:7      | Reached XP level 10. HP: 76/80 MP: 15/17
  7302 | D:7      | Found a runed door.
  7306 | D:7      | Noticed Crazy Yiuf
  7309 | D:7      | Killed Crazy Yiuf
  7492 | D:7      | Reached skill level 4 in Conjurations
  7492 | D:7      | Reached skill level 4 in Hexes
  7492 | D:7      | Reached skill level 4 in Charms
  7492 | D:7      | Reached skill level 4 in Summonings
  7492 | D:7      | Reached skill level 4 in Necromancy
  7492 | D:7      | Reached skill level 4 in Translocations
  7492 | D:7      | Reached skill level 4 in Transmutations
  7492 | D:7      | Reached skill level 4 in Fire Magic
  7492 | D:7      | Reached skill level 4 in Ice Magic
  7492 | D:7      | Reached skill level 4 in Air Magic
  7492 | D:7      | Reached skill level 4 in Earth Magic
  7492 | D:7      | Reached skill level 4 in Poison Magic
  8499 | D:8      | Reached skill level 5 in Short Blades
  8499 | D:8      | Reached skill level 5 in Long Blades
  8499 | D:8      | Reached skill level 5 in Maces & Flails
  8499 | D:8      | Reached skill level 5 in Polearms
  8499 | D:8      | Reached skill level 5 in Staves
  8499 | D:8      | Reached skill level 5 in Slings
  8499 | D:8      | Reached skill level 5 in Crossbows
  8499 | D:8      | Reached skill level 5 in Throwing
  8499 | D:8      | Reached skill level 5 in Dodging
  8499 | D:8      | Reached skill level 5 in Shields
  8499 | D:8      | Reached skill level 5 in Unarmed Combat
  8499 | D:8      | Reached skill level 5 in Spellcasting
  8858 | D:9      | Reached skill level 7 in Axes
  8858 | D:9      | Reached skill level 7 in Bows
  9081 | D:9      | Reached skill level 6 in Armour
  9081 | D:9      | Reached skill level 6 in Evocations
  9225 | D:9      | Reached skill level 6 in Stealth
  9281 | D:9      | Learned a level 1 spell: Apportation
  9404 | D:9      | Found a staircase to the Lair.
  9404 | D:9      | Noticed a death yak
  9457 | D:9      | Killed a death yak
  9457 | D:9      | Reached skill level 6 in Invocations
  9607 | D:9      | Noticed a death yak
  9628 | D:9      | Noticed a death yak
  9632 | D:8      | Killed a death yak
  9632 | D:8      | Reached XP level 11. HP: 64/87 MP: 19/19
  9770 | D:8      | HP: 15/87 [death yak (17)]
  9771 | D:8      | Killed a death yak
 10303 | D:9      | Reached skill level 9 in Fighting
 10306 | D:9      | Reached skill level 6 in Short Blades
 10306 | D:9      | Reached skill level 6 in Long Blades
 10306 | D:9      | Reached skill level 6 in Maces & Flails
 10306 | D:9      | Reached skill level 6 in Polearms
 10306 | D:9      | Reached skill level 6 in Staves
 10306 | D:9      | Reached skill level 6 in Slings
 10306 | D:9      | Reached skill level 6 in Crossbows
 10306 | D:9      | Reached skill level 6 in Throwing
 10306 | D:9      | Reached skill level 6 in Dodging
 10306 | D:9      | Reached skill level 6 in Shields
 10306 | D:9      | Reached skill level 6 in Unarmed Combat
 10306 | D:9      | Reached skill level 6 in Spellcasting
 10317 | D:9      | Reached skill level 5 in Conjurations
 10317 | D:9      | Reached skill level 5 in Hexes
 10317 | D:9      | Reached skill level 5 in Charms
 10317 | D:9      | Reached skill level 5 in Summonings
 10317 | D:9      | Reached skill level 5 in Necromancy
 10317 | D:9      | Reached skill level 5 in Translocations
 10317 | D:9      | Reached skill level 5 in Transmutations
 10317 | D:9      | Reached skill level 5 in Fire Magic
 10317 | D:9      | Reached skill level 5 in Ice Magic
 10317 | D:9      | Reached skill level 5 in Air Magic
 10317 | D:9      | Reached skill level 5 in Earth Magic
 10317 | D:9      | Reached skill level 5 in Poison Magic
 10561 | D:9      | Noticed a two-headed hydra
 10568 | D:9      | Killed a one-headed hydra
 10644 | D:9      | Found a white marble altar of Elyvilon.
 10645 | D:9      | Found a sacrificial altar of Ru.
 10649 | D:9      | Found an iron altar of Okawaru.
 10945 | Lair:1   | Entered Level 1 of the Lair of Beasts
 11110 | Lair:1   | Noticed a six-headed hydra
 11130 | D:9      | HP: 25/89 [wolf (5)]
 11135 | D:8      | HP: 15/89 [wolf (7)]
 11912 | D:9      | Reached skill level 7 in Invocations
 12237 | Lair:1   | Noticed a six-headed hydra
 12251 | Lair:1   | HP: 15/89 [blink frog (14)]
 12252 | Lair:1   | Killed a two-headed hydra
 12252 | Lair:1   | Reached skill level 8 in Axes
 12252 | Lair:1   | Reached skill level 8 in Bows
 12252 | Lair:1   | Reached skill level 7 in Armour
 12252 | Lair:1   | Reached skill level 7 in Evocations
 12257 | Lair:1   | HP: 13/89 [blink frog (1)]
 12269 | Lair:1   | HP: 13/89 [water moccasin (2)]
 12277 | D:9      | HP: 13/89 [blink frog (2)]
 12597 | D:8      | Reached skill level 7 in Stealth
 12716 | D:8      | HP: 18/89 [blink frog (10)]
 13116 | D:9      | Killed a two-headed hydra
 13116 | D:9      | Reached XP level 12. HP: 38/96 MP: 20/22
 14021 | Lair:1   | Noticed a four-headed hydra
 14036 | Lair:1   | Killed a one-headed hydra
 14189 | D:9      | Reached skill level 7 in Short Blades
 14189 | D:9      | Reached skill level 7 in Long Blades
 14189 | D:9      | Reached skill level 7 in Maces & Flails
 14189 | D:9      | Reached skill level 7 in Polearms
 14189 | D:9      | Reached skill level 7 in Staves
 14189 | D:9      | Reached skill level 7 in Slings
 14189 | D:9      | Reached skill level 7 in Crossbows
 14189 | D:9      | Reached skill level 7 in Throwing
 14189 | D:9      | Reached skill level 7 in Dodging
 14189 | D:9      | Reached skill level 7 in Shields
 14189 | D:9      | Reached skill level 7 in Unarmed Combat
 14189 | D:9      | Reached skill level 7 in Spellcasting
 14367 | Lair:1   | Found an ancient bone altar of Kikubaaqudgha.
 15400 | Lair:2   | Noticed a queen ant
 15406 | Lair:2   | HP: 41/145 [komodo dragon (14)]
 15410 | Lair:2   | HP: 20/145 [poisoned by a queen ant]
 15410 | Lair:2   | HP: 8/145 [queen ant (12)]
 15412 | Lair:2   | HP: 1/145 [queen ant (5)]
 15413 | Lair:2   | Succumbed to a queen ant's poison

Vault maps used:
D:1:      minmay_arrival_split_and_join, bh_walls_and_bars
D:2:      fedhas_altar_1
D:3:      kennysheep_the_goblin_king, nicolae_gozag_seed_capital, first_ration,
          chequers_ecumenical_altar_island, kennysheep_generic_room_3,
          uniq_natasha
D:4:      cheibrodos_helix_gallery, demons_altar, ashenzari_altar_1,
          minmay_crystal_room
D:5:      gammafunk_temple_of_torment, serial_aquarium,
          aquarium_bridge_long_separate, aquarium_bridge_straight,
          aquarium_window_fake, aquarium_window_fake, aquarium_window_corner,
          aquarium_view_2e, corexii_shack, uniq_pikel
D:6:      old_forge, minmay_temple_entry_overgrown, serial_shops,
          nicolae_shop_crystal, hangedman_minor_gate_pass, uniq_sigmund
D:7:      uniq_crazy_yiuf_cottage
D:8:      moated_statue
D:9:      grunt_temple_overflow_open, dpeg_lair_monsters, hangedman_ranch
Temple:   cyrus_circular_temple
Lair:1:   basic_altar, portal_ice_cave_entry_ice_beasts
Lair:2:   spider_nest_entry_a, hangedman_lair_unloving_vines,
          small_statue_intersection, wad_woods_antlair

Skill      XL: |  1  2  3  4  5  6  7  8  9 10 11 12 |
---------------+-------------------------------------+-----
Invocations    | 1 2 3 4 5 6 7 |  7.9
Short Blades   | 1 2 3 4 5 6 7 |  7.2
Long Blades    | 1 2 3 4 5 6 7 |  7.2
Maces & Flails | 1 2 3 4 5 6 7 |  7.2
Polearms       | 1 2 3 4 5 6 7 |  7.2
Staves         | 1 2 3 4 5 6 7 |  7.2
Slings         | 1 2 3 4 5 6 7 |  7.2
Crossbows      | 1 2 3 4 5 6 7 |  7.2
Throwing       | 1 2 3 4 5 6 7 |  7.2
Dodging        | 1 2 3 4 5 6 7 |  7.2
Shields        | 1 2 3 4 5 6 7 |  7.2
Unarmed Combat | 1 2 3 4 5 6 7 |  7.2
Spellcasting   | 1 2 3 4 5 6 7 |  7.2
Conjurations   | 1 2 3 4 5 |  5.9
Hexes          | 1 2 3 4 5 |  5.9
Charms         | 1 2 3 4 5 |  5.9
Summonings     | 1 2 3 4 5 |  5.9
Necromancy     | 1 2 3 4 5 |  5.9
Translocations | 1 2 3 4 5 |  5.9
Transmutations | 1 2 3 4 5 |  5.9
Fire Magic     | 1 2 3 4 5 |  5.9
Ice Magic      | 1 2 3 4 5 |  5.9
Air Magic      | 1 2 3 4 5 |  5.9
Earth Magic    | 1 2 3 4 5 |  5.9
Poison Magic   | 1 2 3 4 5 |  5.9
Armour         | 3 4 5 6 7 |  7.7
Evocations     | 3 4 5 6 7 |  7.7
Stealth        | 3 4 5 6 7 |  7.6
Axes           | 5 6 7 8 |  8.6
Bows           | 5 6 7 8 |  8.6
Fighting       | 7 8 9 |  9.7

Action                   |  1- 3 |  4- 6 |  7- 9 | 10-12 || total
-------------------------+-------+-------+-------+-------++-------
Melee: Hand axe          |    34 |   105 |   253 |       ||   392
       Bite              |     4 |     8 |    30 |    53 ||    95
       Punch             |       |     1 |     3 |    10 ||    14
       Double sword      |       |       |    42 |   325 ||   367
       Falchion          |       |       |       |    40 ||    40
 Fire: Shortbow          |    58 |    97 |   121 |   152 ||   428
Throw: Javelin           |       |     1 |     1 |     3 ||     5
  Use: Scroll            |     3 |    14 |     1 |     9 ||    27
       Potion            |       |     1 |     4 |     1 ||     6
 Stab: Distracted        |       |       |     1 |       ||     1
  Eat: Chunk             |     1 |     6 |    12 |    20 ||    39
       Ration            |       |       |       |     2 ||     2
Armor: Ring mail         |    17 |     1 |       |       ||    18
       Scale mail        |       |    47 |    32 |       ||    79
       Chain mail        |       |       |   136 |   276 ||   412
Dodge: Dodged            |    21 |    54 |   138 |   229 ||   442
Block: Other             |       |       |    26 |    56 ||    82
       Reflection        |       |       |     1 |     3 ||     4
       Rpst.: Double sword |       |       |     3 |    56 ||    59
       Falchion          |       |       |       |    10 ||    10

Table legend:
 A = Spawn XP
 B = Non-spawn XP
 C = Spawn XP percentage of total XP
 D = Spawn monster count
 E = Non-spawn monster count
 F = Spawn count percentage of total count
 G = Total turns spent on level
                    A         B        C        D         E        F      G
               +---------+---------+-------+---------+---------+-------+---------
         Total |       0 |   24501 |   0.0 |       0 |     282 |   0.0 | 15413
               +---------+---------+-------+---------+---------+-------+---------
           D:1 |       0 |      55 |   0.0 |       0 |      24 |   0.0 |  1324
           D:2 |       0 |     150 |   0.0 |       0 |      17 |   0.0 |   711
           D:3 |       0 |     125 |   0.0 |       0 |      32 |   0.0 |   764
           D:4 |       0 |     889 |   0.0 |       0 |      16 |   0.0 |   735
           D:5 |       0 |     619 |   0.0 |       0 |      21 |   0.0 |  1213
           D:6 |       0 |    1971 |   0.0 |       0 |      46 |   0.0 |  1839
           D:7 |       0 |    1119 |   0.0 |       0 |      23 |   0.0 |   949
           D:8 |       0 |    4036 |   0.0 |       0 |      29 |   0.0 |  2978
           D:9 |       0 |    9550 |   0.0 |       0 |      50 |   0.0 |  3086
        Lair:1 |       0 |    4643 |   0.0 |       0 |      16 |   0.0 |  1539
        Lair:2 |       0 |    1344 |   0.0 |       0 |       8 |   0.0 |   210
               +---------+---------+-------+---------+---------+-------+---------

Table legend:
 A = Turns spent in this place as a percentage of turns spent in the entire game.
 B = Non-inter-level travel turns spent in this place as a percentage of non-inter-level travel turns spent in the entire game.
 C = Inter-level travel turns spent in this place as a percentage of turns spent in this place.
 D = Turns resting spent in this place as a percentage of non-inter-level travel turns spent in this place.
 E = Turns spent auto-exploring this place as a percentage of non-inter-level travel turns spent in this place.
 F = Non-inter-level travel turns spent in this place divided by the number of levels of this place that you've seen.
                   A       B       C       D       E      F
               +-------+-------+-------+-------+-------+----------------------
         Total | 100.0 | 100.0 |   2.8 |  34.5 |  31.8 | 1248.3
       Dungeon |  88.2 |  88.5 |   2.5 |  36.1 |  31.3 | 1473.6
        Temple |   0.4 |   0.4 |  12.3 |   0.0 |  94.7 |  57.0
          Lair |  11.3 |  11.1 |   5.0 |  23.1 |  33.5 | 830.5
               +-------+-------+-------+-------+-------+----------------------

Vault maps used:
D:1:      minmay_arrival_split_and_join, bh_walls_and_bars
D:2:      fedhas_altar_1
D:3:      kennysheep_the_goblin_king, nicolae_gozag_seed_capital, first_ration,
          chequers_ecumenical_altar_island, kennysheep_generic_room_3,
          uniq_natasha
D:4:      cheibrodos_helix_gallery, demons_altar, ashenzari_altar_1,
          minmay_crystal_room
D:5:      gammafunk_temple_of_torment, serial_aquarium,
          aquarium_bridge_long_separate, aquarium_bridge_straight,
          aquarium_window_fake, aquarium_window_fake, aquarium_window_corner,
          aquarium_view_2e, corexii_shack, uniq_pikel
D:6:      old_forge, minmay_temple_entry_overgrown, serial_shops,
          nicolae_shop_crystal, hangedman_minor_gate_pass, uniq_sigmund
D:7:      uniq_crazy_yiuf_cottage
D:8:      moated_statue
D:9:      grunt_temple_overflow_open, dpeg_lair_monsters, hangedman_ranch
Temple:   cyrus_circular_temple
Lair:1:   basic_altar, portal_ice_cave_entry_ice_beasts
Lair:2:   spider_nest_entry_a, hangedman_lair_unloving_vines,
          small_statue_intersection, wad_woods_antlair
